 Dungeon Crawl Stone Soup version 0.23.1 (webtiles) character file.

Game seed: 2269383589863048238

403 Borgoz the Ducker (level 6, -6/52 HPs)
             Began as a Ghoul Monk on Mar 17, 2019.
             Mangled by an orc
             ... wielding a +0 flail
              (9 damage)
             ... on level 5 of the Dungeon.
             The game lasted 00:07:10 (3565 turns).

Borgoz the Ducker (Ghoul Monk)                      Turns: 3565, Time: 00:07:11

Health: -6/52      AC:  6    Str: 12 (15) XL:     6   Next: 86%
Magic:  5/5        EV: 10    Int:  6 (7)  God:
Gold:   249        SH:  0    Dex: 11      Spells: 5/5 levels left

rFire    . . .     SeeInvis .   a - +0 short sword
rCold    + . .     Gourm    .   (no shield)
rNeg     + + +     Faith    .   k - +0 scale mail
rPois    ∞         Spirit   .   (no helmet)
rElec    .         Reflect  .   (no cloak)
rCorr    .         Harm     .   (no gloves)
MR       .....                  (no boots)
Stlth    +.........             (no amulet)
HPRegen  0.00/turn              (no ring)
MPRegen  0.09/turn              (no ring)

@: rotting
A: rotting body, claws 1, carnivore, cold resistance 1, negative energy
resistance 3, inhibited regeneration, torment resistance, unbreathing
a: no special abilities


You were on level 5 of the Dungeon.
You were not hungry.

You visited 1 branch of the dungeon, and saw 5 of its levels.

You collected 249 gold pieces.

Inventory:

Hand Weapons
 a - a +0 short sword (weapon)
Armour
 k - a +0 scale mail (worn)
Scrolls
 b - a scroll of noise {unknown}
 d - 5 scrolls of identify {unknown}
 f - 2 scrolls of immolation {unknown}
 g - a scroll of remove curse {unknown}
 h - a scroll of fog {unknown}
 j - a scroll of magic mapping {unknown}
 m - a scroll of enchant armour {unknown}
 o - a scroll of amnesia {unknown}
 p - a scroll of fear {unknown}
Potions
 l - a potion of mutation
Comestibles
 c - 6 rations


   Skills:
 + Level 4.1 Fighting
 * Level 4.1 Short Blades
 * Level 2.8 Armour
 * Level 4.1 Dodging
 + Level 3.4 Stealth


You had 5 spell levels left.
You didn't know any spells.
Your spell library was empty.

Dungeon Overview and Level Annotations

Branches:
Dungeon (5/15)
 Temple: D:4-7

Altars:
Ru
Xom

Annotations:
D:3 Sigmund


Innate Abilities, Weirdness & Mutations

Your body is rotting away.
You thrive on raw meat.
You are immune to poison.
You have sharp fingernails.
You are carnivorous and can eat meat at any time.
Your flesh is cold resistant. (rC+)
You are immune to negative energy. (rN+++)
You do not regenerate when monsters are visible.
You are immune to unholy pain and torment.
You can survive without breathing.


Message History

The orc wizard is severely wounded.
The orc wizard barely misses you.
You hit the orc wizard but do no damage.
The orc wizard is severely wounded.
The orc wizard is no longer moving quickly.
The orc wizard barely misses you.
You hit the orc wizard.
You kill the orc wizard!
You hit the orc.
The orc is heavily wounded.
The orc hits you with a +0 flail.
* * * LOW HITPOINT WARNING * * *
You barely miss the orc.
The orc is heavily wounded.
The orc hits you but does no damage.
Okay, then.
You closely miss the orc.
The orc is heavily wounded.
The orc hits you with a +0 flail!
You die...

..# ..# ..# ##..#
#######.# ..#.#
#.....#.##.#..#
#.....#.......##
#............... . #
#.....##.#.#..#
.[..#.###.....##...#..#
.....>oo@..#####.###..#
##.#.#####.# #.###..#
#.# #......### #.#
##.###..... #.#
#...##..... #..
#.#.>..#### ...
.....##.##.. ##.
.######.#... .# #.#...


You could see 2 orcs.

Vanquished Creatures
  An ogre (D:4)
  A scorpion (D:4)
  An orc priest (D:5)
  2 orc wizards (D:5)
  A worker ant (D:4)
  7 adders
  2 adder skeletons
  2 worms
  A dart slug (D:2)
  5 leopard geckos
  An orc (D:4)
  2 ball pythons (D:4)
  10 bats
  5 giant cockroaches
  8 goblins
  5 hobgoblins
  16 jackals
  3 quokkas
  4 frilled lizards
  5 kobolds
  2 quokka skeletons
  7 rats
91 creatures vanquished.

Notes
Turn   | Place    | Note
-------+----------+-------------------------------------------
     0 | D:1      | Borgoz the Ghoul Monk began the quest for the Orb.
     0 | D:1      | Reached XP level 1. HP: 19/19 MP: 0/0
   204 | D:1      | Reached XP level 2. HP: 8/25 MP: 1/1
  1097 | D:1      | Reached XP level 3. HP: 28/31 MP: 2/2
  1347 | D:1      | Reached skill level 1 in Armour
  1824 | D:2      | Found a shimmering altar of Xom.
  1833 | D:2      | Reached XP level 4. HP: 34/38 MP: 3/3
  2629 | D:3      | Noticed Sigmund
  2701 | D:2      | Reached XP level 5. HP: 39/46 MP: 4/4
  3180 | D:4      | Noticed an ogre
  3194 | D:4      | Killed an ogre
  3194 | D:4      | Reached XP level 6. HP: 44/52 MP: 5/5
  3263 | D:4      | Found a sacrificial altar of Ru.
  3477 | D:4      | You fall through a shaft!
  3477 | D:5      | Entered Level 5 of the Dungeon
  3565 | D:5      | Mangled by an orc

Skill      XL: |  1  2  3  4  5  6 |
---------------+-------------------+-----
Dodging        | 3 4 |  4.1
Short Blades   | 3 4 |  4.1
Armour         | 1 2 |  2.8
Stealth        | 3 |  3.4
Fighting       | 4 |  4.1

Action                   |  1- 3 |  4- 6 || total
-------------------------+-------+-------++-------
Melee: Short sword       |   180 |   368 ||   548
  Use: Potion            |       |     3 ||     3
 Stab: Sleeping          |     3 |     1 ||     4
  Eat: Chunk             |     9 |    23 ||    32
Armor: Robe              |    40 |    21 ||    61
       Scale mail        |       |   100 ||   100
Dodge: Dodged            |   130 |   219 ||   349
